AoeStats
← slampawiscool

Arabia

503260824Analyzed
1v1 RM · 1mo ago on Aug 30, 2026· 46m 30s· 2 players
Game mode
Random Map
Map size
Tiny (2 player)
Population
200
Speed
Normal
Resources
Standard
Victory
Conquest
Starting age
Dark Age
Ending age
Imperial Age
RankedLock teamsTeams togetherTeam positionsShared explorationLock speedFull tech treeHidden civsTurbo modeCheats
Victory
Defeat
🇧🇷 Maya · Brazil
976
+16
🇺🇸 Persians · United States
974
-16
slampawiscool
7:59 Loom
8:48 Loom
10:58 Feudal Age
14:43 Castle Age
13:08 Double-Bit Axe
19:35 Horse Collar
25:02 Gold Mining
26:19 Wheelbarrow
27:06 Scale Barding Armor
29:09 Town Watch
31:32 Bloodlines
33:07 Stone Mining
35:23 Hand Cart
41:46 Imperial Age
39:48 Scale Barding Armor
42:23 Chain Barding Armor
41:40 Cavalier
brankooooooooo
0:25 Loom
9:32 Feudal Age
10:08 Double-Bit Axe
14:14 Horse Collar
21:27 Castle Age
20:32 Fletching
20:53 Gold Mining
22:21 Heavy Plow
22:34 Bow Saw
22:02 Crossbowman
23:24 Thumb Ring
25:26 Fervor
25:34 Bodkin Arrow
27:43 Squires
27:49 Pikeman
32:04 Wheelbarrow
31:44 Scale Mail Armor
32:57 Chain Mail Armor
34:36 Forging
34:47 Eagle Warrior
37:16 Iron Casting
37:07 Hand Cart
37:59 Ballistics
40:34 Imperial Age
38:06 Heated Shot
38:56 Town Watch
40:19 Town Watch
42:23 Chemistry
42:17 Crop Rotation
43:17 Plate Mail Armor
43:57 Halberdier
46:20 Blast Furnace
Connection lost

Rejoining the realm…

Still unreachable

The connection could not be restored.

Session expired

The server has moved on; the page needs a fresh start.